 Dungeon Crawl Stone Soup version 0.32-a0-913-g739538afd8 (webtiles) character file.

Game seed: 16875363470010600291

3706 pokedragonboy the Prestidigitator (level 10, -4/76 HPs)
             Began as a Coglin Artificer on Apr 9, 2024.
             Was an Initiate of Nemelex Xobeh.
             Shot with a bolt by a tengu warrior (14 damage)
             ... on level 8 of the Dungeon.
             The game lasted 00:16:12 (8193 turns).

pokedragonboy the Prestidigitator (CoAr)            Turns: 8193, Time: 00:16:13

Health: -4/76      AC: 12    Str: 17    XL:     10   Next: 14%
Magic:  11/12      EV:  7    Int: 11    God:    Nemelex Xobeh [......]
Gold:   325        SH:  0    Dex: 14    Spells: 9/9 levels left

rFire   . . .        H - +3 war axe {Urai}
rCold   . . .        x - +3 hand axe {Fatehjeet}
rNeg    . . .        t - +0 chain mail
rPois   .            (no helmet)
rElec   .            y - +0 cloak
rCorr   .            (no gloves)
SInv    .            b - +0 pair of boots
Will    .....        (amulet unavailable) Stlth
                     (ring unavailable)
HPRegen 0.32/turn    (ring unavailable)
MPRegen 0.13/turn    (no gizmo)

%: no passive effects
@: no status effects
A: off-hand wielding, slow wielding, warmup strikes, no jewellery
a: Invent Gizmo, Renounce Religion, Draw Escape, Draw Destruction, Draw
Summoning


You were on level 8 of the Dungeon.
You worshipped Nemelex Xobeh.
Nemelex Xobeh was noncommittal.
You visited 2 branches of the dungeon, and saw 9 of its levels.

You collected 325 gold pieces.

Inventory:

Hand Weapons
 n - a +0 flail {Sebastián}
 s - a +1 broad axe {Balvinder}
 x - a +3 hand axe (offhand) {Fatehjeet}
 H - a +3 war axe (weapon) {Urai}
Armour
 b - a +0 pair of boots (worn)
 t - a +0 chain mail (worn)
 y - a +0 cloak (worn)
 E - a +0 plate armour
Wands
 c - a wand of flame (4) (quivered)
 d - a wand of charming (14)
 f - a wand of polymorph (6)
 o - a wand of mindburst (16)
 r - a wand of roots (3)
 w - a wand of paralysis (8)
Scrolls
 g - 3 scrolls of poison
 j - a scroll of fog {unknown}
 k - a scroll of enchant weapon
 l - a scroll of torment {unknown}
 m - 2 scrolls of teleportation
 u - a scroll of amnesia {unknown}
 A - a scroll of silence {unknown}
 C - a scroll of immolation {unknown}
 D - a scroll of enchant armour {unknown}
Potions
 a - 2 potions of might
 e - a potion of lignification {unknown}
 h - 3 potions of curing
 p - 3 potions of attraction
 q - a potion of magic {unknown}
 v - 2 potions of enlightenment
 z - a potion of ambrosia {unknown}
 B - a potion of haste {unknown}
 F - a potion of cancellation {unknown}
 G - a potion of resistance {unknown}


   Skills:
 + Level 6.1 Fighting
 * Level 7.9 Axes
 + Level 5.6 Armour
 - Level 0.8 Dodging
 - Level 0.7 Stealth
 + Level 2.9 Invocations
 + Level 10.3 Evocations


You had 9 spell levels left.
You didn't know any spells.
Your spell library contained the following spells:

 Spells                   Type           Power      Damage    Failure   Level
 Magic Dart               Conj           0%         1d3       97%         1
 Frozen Ramparts          Ice            0%         1d1       100%        3
 Ozocubu's Armour         Ice            0%         N/A       100%        3
 Metabolic Englaciation   Hex/Ice        0%         N/A       100%        5


Dungeon Overview and Level Annotations

Branches:
Dungeon (8/15)             Temple (1/1) D:6
   Lair: D:8-11

Altars:
Cheibriados
Elyvilon
Hepliaklqana
Kikubaaqudgha
Makhleb
Nemelex Xobeh
Okawaru
Qazlal
Sif Muna
Trog
Uskayaw
Vehumet
Wu Jian
Xom
Yredelemnul
Zin
The Shining One

Shops:
D:3 *

Annotations:
D:8 Pikel


Innate Abilities, Weirdness & Mutations

You can wield a second weapon in your off-hand.
It takes a long time for you to wield or remove held weapons.
Your first few attacks do less damage.
You cannot equip rings or amulets.


Message History

You miss the tengu warrior with your +3 war axe.
The tengu warrior is almost dead.
You barely miss the tengu warrior with your +3 hand axe.
The tengu warrior hits you with a +0 dire flail.
The tengu warrior pecks you but does no damage.
The tengu warrior barely misses you.
The tengu warrior hits you with a +0 dire flail!
The tengu warrior pecks you.
The tengu warrior claws you but does no damage.
You closely miss the tengu warrior with your +3 war axe.
The tengu warrior is almost dead.
You barely miss the tengu warrior with your +3 hand axe.
The tengu warrior hits you with a +0 dire flail!!
The tengu warrior pecks you but does no damage.
The tengu warrior claws you but does no damage.
Unknown command.
Aiming: Mindburst
Press: ? - help, Shift-Dir - straight line, f/p - tengu warrior
Aim: a tengu warrior, wielding a +0 dire flail and wearing a +0 ring mail (almost dead, chance to affect: 80%)
The tengu warrior barely resists.
The tengu warrior slips past you!
The tengu warrior hits you but does no damage.
The tengu warrior pecks you.
* * * LOW HITPOINT WARNING * * *
The tengu warrior claws you but does no damage.
Aiming: Mindburst
Press: ? - help, Shift-Dir - straight line, f/p - tengu warrior
Aim: a tengu warrior, wielding a +0 dire flail and wearing a +0 ring mail (almost dead, chance to affect: 80%)
The tengu warrior's mind is blasted!!
You blow up the tengu warrior!
Your Fighting skill increases to level 6!
You have reached level 10!
Things that are here:
a +0 dire flail; a +0 ring mail The tengu warrior unwields a +0 war axe.
The tengu warrior wields a +0 arbalest.
The tengu warrior shoots a bolt.
The bolt hits you!
* * * LOW HITPOINT WARNING * * *
The tengu warrior shoots a bolt.
The bolt hits you!
You die...
Your body disappears without a glow.

#....#)#.#.#####.#
.#
#...†..).#.....###.
###..#.#.#.#####..
#....Q....# #.#
##...#.#..####.#
###...)..)....#
#...#.......#
##....#......#
.'......@###.##
##.......#.#.#
###.....#...###
###.........#
###.....###
#....<######
#..........#
#......####.#
##.###.#


You could see a tengu warrior.

Vanquished Creatures
  A tengu warrior (D:8)
  A wyvern (D:7)
  A steam dragon (D:7)
  A water moccasin (D:6)
  3 black bears
  2 orc warriors
  3 ogres
  2 centaurs (D:6)
  A phantom (D:7)
  A lemure (D:7)
  2 kobold brigands
  A bullfrog (D:8)
  4 scorpions (D:5)
  4 wights
  4 killer bees (D:7)
  2 jellies
  4 orc priests
  A gnoll bouda (D:7)
  2 sleepcaps
  2 hounds (D:4)
  6 orc wizards
  4 iguanas
  10 gnolls
  13 adders
  A white imp (D:6)
  3 ufetubi
  2 ribbon worms
  3 dart slugs
  38 orcs
  8 endoplasms
  4 giant cockroaches
  9 goblins
  7 hobgoblins
  8 jackals (D:3)
  14 kobolds
  2 quokkas (D:5)
  11 ball pythons
  7 bats
  A frilled lizard (D:2)
  5 rats
198 creatures vanquished.

Notes
Turn   | Place    | Note
-------+----------+-------------------------------------------
     0 | D:1      | pokedragonboy the Coglin Artificer began the quest for the
                  | Orb.
     0 | D:1      | Reached XP level 1. HP: 15/15 MP: 1/1
   108 | D:1      | Reached XP level 2. HP: 20/21 MP: 2/2
   130 | D:1      | Found a faded altar of an unknown god.
   924 | D:1      | Reached XP level 3. HP: 27/27 MP: 3/3
  1398 | D:2      | Reached skill level 5 in Evocations
  1500 | D:2      | Reached XP level 4. HP: 34/34 MP: 4/4
  1927 | D:3      | Found a white marble altar of Elyvilon.
  2196 | D:3      | Reached XP level 5. HP: 26/40 MP: 5/5
  2356 | D:3      | Found Johaig's Assorted Antiques.
  2416 | D:3      | Reached skill level 1 in Axes
  3182 | D:4      | Noticed an ogre
  3187 | D:4      | Killed an ogre
  3188 | D:4      | Reached skill level 6 in Evocations
  3188 | D:4      | Reached XP level 6. HP: 47/47 MP: 6/6
  3209 | D:4      | Found a hazy altar of Hepliaklqana.
  3302 | D:4      | HP: 1/47 [acid (6)]
  3730 | D:5      | Entered Level 5 of the Dungeon
  3798 | D:5      | Reached skill level 7 in Evocations
  3798 | D:5      | Reached XP level 7. HP: 38/52 MP: 7/7
  4287 | D:5      | Reached skill level 8 in Evocations
  4287 | D:5      | Reached XP level 8. HP: 58/60 MP: 8/8
  5044 | D:5      | Reached skill level 5 in Axes
  5481 | D:6      | Found a shimmering blue altar of Sif Muna.
  5481 | D:6      | Found an ancient bone altar of Kikubaaqudgha.
  5483 | D:6      | Found a radiant altar of Vehumet.
  5490 | D:6      | Got Vehumet's Grimoire of Energy
  5564 | D:6      | Reached skill level 9 in Evocations
  5614 | D:6      | Found a staircase to the Ecumenical Temple.
  5626 | Temple   | Entered the Ecumenical Temple
  5714 | Temple   | Became a worshipper of Nemelex Xobeh the Trickster
  5916 | D:6      | Reached XP level 9. HP: 52/67 MP: 9/9
  6043 | D:6      | Reached skill level 5 in Fighting
  6043 | D:6      | Reached skill level 1 in Invocations
  7144 | D:7      | Reached skill level 5 in Armour
  7762 | D:7      | Reached skill level 10 in Evocations
  7959 | D:8      | Noticed a tengu warrior
  7964 | D:8      | Noticed Pikel
  8181 | D:8      | Noticed a tengu warrior
  8185 | D:8      | Killed a tengu warrior
  8186 | D:8      | Reached XP level 10. HP: 20/76 MP: 10/12
  8193 | D:8      | Shot with a bolt by a tengu warrior

Illustrated notes

Levels and vault maps discovered:
D:1:      erik_arrival_blinker_ship, layout_basic,
          shapermc_ecumenical_altar_starsandcircs
D:2:      layout_basic
D:3:      layout_basic, elyvilon_altar_5, serial_shops, shop
D:4:      layout_basic, lemuel_crystal_altar, dreamdust_princess_corridor
D:5:      layout_gridville, minmay_puff
D:6:      layout_basic, grunt_temple_overflow_magic_moments,
          minmay_temple_entry_statues_fountains, minmay_diced_spiral
D:7:      layout_basic
D:8:      minmay_slanted_spiral_squares, layout_basic, grunt_potential,
          uniq_pikel
Temple:   nicolae_temple_ecumenical_triangle

Skill      XL: |  1  2  3  4  5  6  7  8  9 |
---------------+----------------------------+-----
Armour         | 2 3 4 5 |  5.6
Fighting       | 2 3 4 6 |  6.1
Evocations     | 5 6 7 8 9 10 | 10.3
Axes           | 2 3 4 5 7 |  7.9
Invocations    | 2 |  2.9
Dodging        | |  0.8
Stealth        | |  0.7

Action                     |  1- 3 |  4- 6 |  7- 9 | 10-12 || total
---------------------------+-------+-------+-------+-------++-------
  Melee: Mace              |    69 |    27 |       |       ||    96
         Dagger            |    58 |    11 |       |       ||    69
         Flail             |       |    73 |     8 |       ||    81
         War axe           |       |    41 |   228 |       ||   269
         Broad axe         |       |       |    59 |       ||    59
         Hand axe          |       |       |   174 |       ||   174
  Evoke: Wand              |       |    14 |    14 |       ||    28
    Use: Scroll            |       |     3 |     5 |       ||     8
   Stab: Sleeping          |       |     5 |       |       ||     5
         Paralysed         |       |       |     1 |       ||     1
 Armour: Leather armour    |    71 |    64 |     6 |       ||   141
         Chain mail        |       |       |   347 |     2 ||   349
  Dodge: Dodged            |    35 |    41 |   130 |       ||   206

Table legend: (Time is in decaauts)
 A = Elapsed time spent in this place.
 B = Non-inter-level travel time spent in this place.
 C = Inter-level travel time spent in this place.
 D = Time resting spent in this place.
 E = Time spent auto-exploring this place.
 F = Levels seen in this place.
 G = Mean time per level.
                   A        B        C        D        E       F      G
               +--------+--------+--------+--------+--------+-----+--------+
         Total |   8292 |   8090 |    202 |   2082 |   4501 |   9 |  921.3 |
       Dungeon |   8199 |   8004 |    195 |   2082 |   4501 |   8 | 1024.9 |
        Temple |     92 |     85 |      7 |      0 |      0 |   1 |   92.0 |
               +--------+--------+--------+--------+--------+-----+--------+

Top non-repeatable levels by time:
     D:7: 1784 daAuts
     D:5: 1355 daAuts
     D:3: 1242 daAuts
     D:6: 1116 daAuts
     D:1: 1108 daAuts
     D:2: 776 daAuts
     D:4: 648 daAuts
     D:8: 166 daAuts
  Temple: 92 daAuts
